 Dungeon Crawl Stone Soup version 0.26-a0-670-g578ab304f5 (webtiles) character file.

Game seed: 15161568120638214619

(classic levelgen) 23 EnegeticOcto the Digger (level 3, -1/21 HPs)
             Began as a Halfling Earth Elementalist on Oct 19, 2020.
             Shot with a stone by a goblin (6 damage)
             ... on level 2 of the Dungeon.
             The game lasted 00:01:28 (175 turns).

EnegeticOcto the Digger (HaEE)                       Turns: 175, Time: 00:01:28

Health: -1/21      AC:  2    Str:  9    XL:     3   Next: 10%
Magic:  2/5        EV: 15    Int: 14    God:
Gold:   5          SH:  0    Dex: 14    Spells: 4/5 levels left

rFire    . . .     SeeInvis .   d - +0 hand axe
rCold    . . .     Faith    .   (shield restricted)
rNeg     . . .     Spirit   .   c - +0 robe
rPois    .         Reflect  .   (no helmet)
rElec    .         Harm     .   (no cloak)
rCorr    .         Rampage  .   (no gloves)
MR       .....                  (no boots)
Stlth    ++........             (no amulet)
HPRegen  0.07/turn              (no ring)
MPRegen  0.09/turn              (no ring)

@: no status effects
A: small, mutation resistance 1
a: no special abilities


You were on level 2 of the Dungeon.
You visited 1 branch of the dungeon, and saw 2 of its levels.

You collected 5 gold pieces.

Inventory:

Hand Weapons
 d - a +0 hand axe (weapon)
 f - a +0 dagger
Missiles
 b - 21 stones (quivered)
 i - 25 arrows
Armour
 c - a +0 robe (worn)
Scrolls
 a - 2 scrolls of remove curse {unknown}
 h - 3 scrolls of enchant armour {unknown}
Potions
 e - a potion of ambrosia {unknown}
 g - a potion of haste {unknown}


   Skills:
 - Level 2.1 Dodging
 - Level 2.1 Stealth
 - Level 1.5 Spellcasting
   Level 0.5 Transmutations
 + Level 4.0 Earth Magic


You had 4 spell levels left.
You knew the following spells:

 Your Spells              Type           Power        Failure   Level
a - Sandblast             Erth           ##....       4%          1

Your spell library contained the following spells:

 Spells                   Type           Power        Failure   Level
 Passwall                 Tmut/Erth      #.......     14%         2
 Stone Arrow              Conj/Erth      #.....       32%         3
 Petrify                  Tmut/Erth      #.......     67%         4
 Lee's Rapid Deconstruct  Erth           ##........   78%         5


Dungeon Overview and Level Annotations

Branches:
Dungeon (2/15)

Altars:


Innate Abilities, Weirdness & Mutations

You are small and have problems with some larger weapons.
You are somewhat resistant to further mutation.


Message History

The blast of sand hits the adder!
The adder is severely wounded.
b - 26 stones The adder misses you.
Casting: Sandblast (safe; 8% risk of failure)
Confirm with . or Enter, or press ? or * to list all spells.
Aiming: Sandblast (safe; 8% risk of failure)
Press: ? - help, Shift-Dir - straight line, f/p - adder
Aim: an adder (severely wounded)
The blast of sand hits the adder.
You kill the adder!
You have reached level 2!
b - 25 stones You see here an adder corpse.
An adder comes into view.
Found 25 arrows.
Casting: Sandblast (safe; 6% risk of failure)
Confirm with . or Enter, or press ? or * to list all spells.
Aiming: Sandblast (safe; 6% risk of failure)
Press: ? - help, Shift-Dir - straight line, f - adder
Aim: an adder (asleep)
The blast of sand hits the adder!
The adder is severely wounded.
b - 24 stones
Casting: Sandblast (safe; 6% risk of failure)
Confirm with . or Enter, or press ? or * to list all spells.
Aiming: Sandblast (safe; 6% risk of failure)
Press: ? - help, Shift-Dir - straight line, f/p - adder
Aim: an adder (severely wounded)
The blast of sand hits the adder!
You kill the adder!
Your Earth Magic skill increases to level 4!
You have reached level 3!
Your experience leads to an increase in your attributes!
Increase (s)trength, (i)ntelligence, or (d)exterity?
You feel clever.
b - 23 stones You see here 25 arrows.
You see here 25 arrows.
i - 25 arrows You open the door.
A giant cockroach and a hobgoblin come into view.
There is an open door here.
A goblin comes into view.
The giant cockroach closely misses you.
You closely miss the giant cockroach. The giant cockroach barely misses you.
The giant cockroach closely misses you.
You barely miss the hobgoblin.
You hit the giant cockroach but do no damage.
The hobgoblin closely misses you.
The giant cockroach completely misses you.
The hobgoblin barely misses you.
You hit the hobgoblin.
The hobgoblin is severely wounded.
You barely miss the giant cockroach.
The giant cockroach completely misses you.
The hobgoblin misses you. The giant cockroach bites you.
You barely miss the hobgoblin.
The hobgoblin is severely wounded.
You hit the giant cockroach.
The goblin shouts!
The goblin wields a +0 hunting sling.
The goblin shoots a stone.
The stone hits you.
The giant cockroach completely misses you.
The hobgoblin hits you.
You barely miss the hobgoblin.
The hobgoblin is severely wounded.
You completely miss the giant cockroach.
The giant cockroach barely misses you.
The goblin shoots a stone.
The stone hits you. The hobgoblin closely misses you.
The giant cockroach closely misses you.
The goblin shoots a stone.
The stone misses you. The hobgoblin hits you.
There is an open door here.
The giant cockroach barely misses you.
You are too injured to fight recklessly!
You are too injured to fight recklessly!
You are too injured to fight recklessly!
You hit the giant cockroach.
You kill the giant cockroach!
The hobgoblin closely misses you.
Casting: Sandblast (safe; 4% risk of failure)
Confirm with . or Enter, or press ? or * to list all spells.
Aiming: Sandblast (safe; 4% risk of failure)
Press: ? - help, Shift-Dir - straight line, f - hobgoblin
Aim: a hobgoblin (severely wounded)
The blast of sand hits the hobgoblin.
You kill the hobgoblin!
b - 22 stones The goblin shoots a stone.
The stone hits you.
* * * LOW HITPOINT WARNING * * *
Casting: Sandblast (safe; 4% risk of failure)
Confirm with . or Enter, or press ? or * to list all spells.
Aiming: Sandblast (safe; 4% risk of failure)
Press: ? - help, Shift-Dir - straight line, f - goblin
Aim: a goblin, wielding a +0 hunting sling and quivering 5 stones The blast of sand misses the goblin.
b - 21 stones The goblin shoots a stone.
The stone hits you.
You die...

## # .# .' ###
#####+#.##.## ..#
#(..........# #.#
#...........# #.#
#....(g.g...# #.#
#####†#.....#
##.####.#######@#
....#
................#
...#
#.####.#########
..# #.# .# #.#
#### #.# ###)#
#.# #<†.# #.#
###.# #.# #.#


You could see a goblin.

Vanquished Creatures
  2 adders (D:2)
  A giant cockroach (D:2)
  A hobgoblin (D:2)
  A quokka (D:2)
  A kobold (D:2)
6 creatures vanquished.

Notes
Turn   | Place    | Note
-------+----------+-------------------------------------------
     0 | D:1      | EnegeticOcto the Halfling Earth Elementalist began the
                  | quest for the Orb.
     0 | D:1      | Reached XP level 1. HP: 11/11 MP: 3/3
   109 | D:2      | Reached XP level 2. HP: 17/17 MP: 0/4
   139 | D:2      | Reached skill level 4 in Earth Magic
   139 | D:2      | Reached XP level 3. HP: 21/21 MP: 0/5
   175 | D:2      | Shot with a stone by a goblin

Illustrated notes

Levels and vault maps discovered:
D:1:      scummos_arrival_simple_crosswalls, layout_basic
D:2:      layout_basic, yredelemnul_altar_generic, grunt_temple_overflow_open,
          chequers_serial_rivers_micro_d

Skill      XL: |  1  2 |
---------------+-------+-----
Earth Magic    | 4 |  4.0
Dodging        | |  2.1
Stealth        | |  2.1
Spellcasting   | |  1.5
Transmutations | |  0.5

Action                   || total
-------------------------++-------
Melee: Hand axe          ||     6
 Cast: Sandblast         ||     9
Dodge: Dodged            ||    16

Table legend: (Time is in decaauts)
 A = Elapsed time spent in this place.
 B = Non-inter-level travel time spent in this place.
 C = Inter-level travel time spent in this place.
 D = Time resting spent in this place.
 E = Time spent auto-exploring this place.
 F = Levels seen in this place.
 G = Mean time per level.
                   A        B        C        D        E       F      G
               +--------+--------+--------+--------+--------+-----+--------+
         Total |    176 |    176 |      0 |      0 |      0 |   2 |   88.0 |
       Dungeon |    176 |    176 |      0 |      0 |      0 |   2 |   88.0 |
               +--------+--------+--------+--------+--------+-----+--------+

Top non-repeatable levels by time:
     D:2: 94 daAuts
     D:1: 81 daAuts
